2827 views
Uploaded 2020-02-11 19:39:03
Game version 1.32 / 1.32.1
26:53 long 3on3 ladder game on (6)RollingHills
Saved by BEARAND
2827 views
Uploaded 2020-02-11 19:39:03
Game version 1.32 / 1.32.1
26:53 long 3on3 ladder game on (6)RollingHills


104 units @ 15.8k
/ 2.7k
81 buildings @ 11.1k
/ 4.7k


| Mechanical Critter | 2 | 100 |
| Scroll of Regeneration | 1 | 100 |
| total: | 3 | 200g |
| Acolyte | 9 | 675 | / | 0 |
| Ghoul | 4 | 480 | / | 0 |
| Crypt Fiend | 7 | 1505 | / | 280 |
| Necromancer | 12 | 1740 | / | 240 |
| Meat Wagon | 5 | 1150 | / | 250 |
| Obsidian Statue | 3 | 600 | / | 105 |
| Frost Wyrm | 2 | 770 | / | 240 |
| total: | 42 | 6920g | / | 1115w |
| Spirit Tower | 4 | 580 | / | 160 |
| Nerubian Tower | 2 | 200 | / | 40 |
| Altar of Darkness | 1 | 180 | / | 50 |
| Ziggurat | 14 | 2100 | / | 700 |
| Crypt | 2 | 400 | / | 100 |
| Graveyard | 2 | 430 | / | 0 |
| Tomb of Relics | 2 | 260 | / | 60 |
| Temple of the Damned | 2 | 310 | / | 280 |
| Slaughterhouse | 1 | 140 | / | 135 |
| Sacrificial Pit | 1 | 75 | / | 150 |
| Boneyard | 1 | 175 | / | 200 |
| Halls of the Dead | 1 | 320 | / | 210 |
| Black Citadel | 2 | 650 | / | 460 |
| total: | 26 | 4070g | / | 1675w |
| 0:04 | Acolyte |
| 0:04 | Acolyte |
| 0:36 | Altar of Darkness |
| 0:37 | Acolyte |
| 0:40 | Ziggurat |
| 0:43 | Crypt |
| 1:05 | Graveyard |
| 1:21 | Ziggurat |
| 1:46 | Ghoul |
| 1:46 | Ghoul |
| 2:04 | Ghoul |
| 2:17 | Crypt |
| 2:38 | Death Coil |
| 2:47 | Crypt Fiend |
| 2:53 | Ziggurat |
| 3:54 | Crypt Fiend |
| 3:57 | Ghoul |
| 4:08 | Ziggurat |
| 4:22 | Halls of the Dead |
| 4:38 | Ziggurat |
| 4:55 | Mechanical Critter |
| 4:56 | Mechanical Critter |
| 5:02 | Scroll of Regeneration |
| 5:20 | Crypt Fiend |
| 6:02 | Crypt Fiend |
| 6:48 | Crypt Fiend |
| 7:19 | Unholy Aura |
| 8:29 | Web |
| 8:50 | Ziggurat |
| 8:51 | Ziggurat |
| 8:51 | Ziggurat |
| 8:54 | Acolyte |
| 8:54 | Acolyte |
| 8:54 | Acolyte |
| 8:54 | Acolyte |
| 9:22 | Burrow |
| 9:29 | Ziggurat |
| 9:30 | Ziggurat |
| 9:51 | Spirit Tower |
| 10:02 | Spirit Tower |
| 10:20 | Crypt Fiend |
| 10:25 | Acolyte |
| 10:26 | Acolyte |
| 10:53 | Crypt Fiend |
| 11:28 | Ziggurat |
| 11:28 | Spirit Tower |
| 11:31 | Nerubian Tower |
| 11:41 | Creature Attack |
| 12:00 | Ziggurat |
| 12:04 | Ziggurat |
| 12:20 | Spirit Tower |
| 12:26 | Temple of the Damned |
| 12:47 | Black Citadel |
| 12:53 | Vampiric Aura |
| 13:12 | Nerubian Tower |
| 13:40 | Improved Creature Attack |
| 13:40 | Creature Carapace |
| 14:16 | Slaughterhouse |
| 14:17 | Necromancer |
| 14:17 | Necromancer |
| 14:17 | Necromancer |
| 14:27 | Graveyard |
| 15:13 | Skeletal Mastery |
| 15:14 | Necromancer Adept Training |
| 15:20 | Exhume Corpses |
| 16:10 | Meat Wagon |
| 16:14 | Temple of the Damned |
| 16:15 | Necromancer |
| 16:15 | Necromancer |
| 16:15 | Necromancer |
| 16:22 | Ziggurat |
| 16:28 | Unholy Strength |
| 17:03 | Necromancer |
| 17:03 | Necromancer |
| 17:11 | Sacrificial Pit |
| 17:52 | Necromancer |
| 17:52 | Necromancer Master Training |
| 17:54 | Meat Wagon |
| 17:54 | Meat Wagon |
| 18:12 | Necromancer |
| 18:22 | Necromancer |
| 18:38 | Tomb of Relics |
| 18:51 | Boneyard |
| 19:26 | Tomb of Relics |
| 19:57 | Obsidian Statue |
| 19:58 | Obsidian Statue |
| 20:01 | Necromancer |
| 21:13 | Meat Wagon |
| 21:13 | Meat Wagon |
| 21:29 | Freezing Breath |
| 21:29 | Frost Wyrm |
| 22:53 | Obsidian Statue |
| 24:31 | Frost Wyrm |
| 26:27 | Unholy Aura |
| Right click | 1058 |
| Select | 405 |
| Select group | 270 |
| Build/train/purchase | 113 |
| Misc. action | 75 |
| Assign group | 33 |
| Use ability | 27 |
| Resource trade | 8 |
| Minimap ping | 3 |
| Remove unit | 2 |



| Peasant | 8 | 600 | / | 0 |
| Footman | 5 | 675 | / | 0 |
| Mortar Team | 14 | 2520 | / | 980 |
| Dragonhawk Rider | 2 | 400 | / | 60 |
| total: | 29 | 4195g | / | 1040w |
| Scout Tower | 3 | 90 | / | 60 |
| Guard Tower | 2 | 140 | / | 100 |
| Arcane Tower | 1 | 70 | / | 50 |
| Altar of Kings | 1 | 180 | / | 50 |
| Farm | 13 | 1040 | / | 260 |
| Barracks | 2 | 320 | / | 120 |
| Lumber Mill | 1 | 120 | / | 0 |
| Arcane Vault | 1 | 130 | / | 30 |
| Blacksmith | 1 | 140 | / | 60 |
| Workshop | 2 | 280 | / | 280 |
| Gryphon Aviary | 3 | 420 | / | 450 |
| Keep | 1 | 320 | / | 210 |
| Castle | 2 | 720 | / | 420 |
| total: | 27 | 2720g | / | 1310w |
| 0:02 | Peasant |
| 0:02 | Peasant |
| 0:22 | Altar of Kings |
| 0:34 | Farm |
| 0:38 | Peasant |
| 0:38 | Peasant |
| 0:38 | Peasant |
| 0:38 | Peasant |
| 0:56 | Barracks |
| 1:12 | Farm |
| 1:15 | Peasant |
| 1:52 | Farm |
| 1:59 | Barracks |
| 2:02 | Lumber Mill |
| 2:05 | Peasant |
| 2:09 | Footman |
| 2:29 | Storm Bolt |
| 2:34 | Farm |
| 2:39 | Footman |
| 2:46 | Arcane Vault |
| 2:49 | Blacksmith |
| 3:00 | Footman |
| 3:10 | Footman |
| 3:22 | Farm |
| 3:50 | Keep |
| 4:04 | Scout Tower |
| 4:06 | Scout Tower |
| 4:08 | Farm |
| 4:35 | Guard Tower |
| 4:37 | Arcane Tower |
| 4:40 | Scout Tower |
| 4:57 | Farm |
| 5:01 | Iron Plating |
| 5:11 | Guard Tower |
| 5:21 | Footman |
| 6:08 | Bash |
| 6:11 | Castle |
| 6:13 | Farm |
| 6:40 | Workshop |
| 7:08 | Farm |
| 7:41 | Mortar Team |
| 7:41 | Mortar Team |
| 8:28 | Mortar Team |
| 8:38 | Fragmentation Shards |
| 8:38 | Mortar Team |
| 8:39 | Mortar Team |
| 8:41 | Brilliance Aura |
| 9:01 | Sundering Blades |
| 10:21 | Mortar Team |
| 10:21 | Mortar Team |
| 11:01 | Workshop |
| 12:07 | Mortar Team |
| 12:11 | Farm |
| 12:14 | Farm |
| 12:34 | Holy Light |
| 13:12 | Farm |
| 13:13 | Farm |
| 13:14 | Mortar Team |
| 13:18 | Black Gunpowder |
| 15:24 | Mortar Team |
| 15:28 | Refined Gunpowder |
| 16:29 | Mortar Team |
| 16:30 | Mortar Team |
| 16:30 | Mortar Team |
| 18:08 | Mortar Team |
| 21:05 | Gryphon Aviary |
| 21:06 | Gryphon Aviary |
| 21:09 | Gryphon Aviary |
| 23:07 | Dragonhawk Rider |
| 23:07 | Dragonhawk Rider |
| 23:08 | Cloud |
| Right click | 1175 |
| Select | 319 |
| Select group | 273 |
| Assign group | 63 |
| Build/train/purchase | 50 |
| Use ability | 43 |
| Minimap ping | 7 |
| Chat | 5 |
| Misc. action | 4 |
| Esc | 1 |

| Dust of Appearance | 1 | 75 |
| total: | 1 | 75g |
| Acolyte | 6 | 450 | / | 0 |
| Ghoul | 10 | 1200 | / | 0 |
| Crypt Fiend | 2 | 430 | / | 80 |
| Meat Wagon | 5 | 1150 | / | 250 |
| Necromancer | 9 | 1305 | / | 180 |
| Obsidian Statue | 1 | 200 | / | 35 |
| total: | 33 | 4735g | / | 545w |
| Nerubian Tower | 4 | 400 | / | 80 |
| Spirit Tower | 2 | 290 | / | 80 |
| Altar of Darkness | 1 | 180 | / | 50 |
| Ziggurat | 20 | 3000 | / | 1000 |
| Crypt | 1 | 200 | / | 50 |
| Graveyard | 1 | 215 | / | 0 |
| Tomb of Relics | 1 | 130 | / | 30 |
| Slaughterhouse | 2 | 280 | / | 270 |
| Temple of the Damned | 2 | 310 | / | 280 |
| Halls of the Dead | 1 | 320 | / | 210 |
| Black Citadel | 2 | 650 | / | 460 |
| total: | 28 | 4315g | / | 1680w |
| 0:05 | Acolyte |
| 0:05 | Acolyte |
| 0:07 | Altar of Darkness |
| 0:08 | Ziggurat |
| 0:42 | Crypt |
| 1:15 | Ziggurat |
| 1:17 | Ziggurat |
| 1:48 | Ghoul |
| 1:48 | Ghoul |
| 1:52 | Graveyard |
| 2:20 | Ghoul |
| 2:26 | Acolyte |
| 2:28 | Nerubian Tower |
| 2:48 | Death Coil |
| 2:50 | Ziggurat |
| 2:53 | Ziggurat |
| 3:35 | Acolyte |
| 3:35 | Acolyte |
| 4:06 | Acolyte |
| 4:09 | Crypt Fiend |
| 4:09 | Crypt Fiend |
| 4:18 | Ziggurat |
| 4:30 | Ziggurat |
| 4:42 | Ziggurat |
| 4:52 | Spirit Tower |
| 5:10 | Ghoul |
| 5:10 | Ghoul |
| 5:10 | Ghoul |
| 6:05 | Ziggurat |
| 6:34 | Halls of the Dead |
| 6:39 | Ziggurat |
| 6:46 | Ziggurat |
| 8:15 | Unholy Aura |
| 8:30 | Ziggurat |
| 8:32 | Ziggurat |
| 8:33 | Ziggurat |
| 8:47 | Ghoul |
| 8:47 | Ghoul |
| 8:47 | Ghoul |
| 8:48 | Ghoul |
| 9:27 | Ziggurat |
| 9:30 | Spirit Tower |
| 9:34 | Nerubian Tower |
| 9:52 | Tomb of Relics |
| 10:28 | Slaughterhouse |
| 11:10 | Slaughterhouse |
| 11:15 | Ziggurat |
| 11:23 | Dust of Appearance |
| 11:33 | Ziggurat |
| 11:34 | Ziggurat |
| 11:40 | Ziggurat |
| 11:42 | Ziggurat |
| 12:45 | Temple of the Damned |
| 12:46 | Black Citadel |
| 13:27 | Exhume Corpses |
| 13:28 | Meat Wagon |
| 13:51 | Necromancer |
| 13:51 | Necromancer |
| 14:27 | Necromancer |
| 14:27 | Necromancer |
| 14:27 | Necromancer |
| 15:42 | Necromancer |
| 15:42 | Necromancer |
| 15:42 | Necromancer |
| 15:42 | Necromancer |
| 16:20 | Obsidian Statue |
| 16:53 | Meat Wagon |
| 17:06 | Temple of the Damned |
| 18:01 | Meat Wagon |
| 19:10 | Skeletal Mastery |
| 19:12 | Necromancer Adept Training |
| 20:08 | Meat Wagon |
| 20:44 | Necromancer Master Training |
| 20:49 | Meat Wagon |
| 21:02 | Nerubian Tower |
| 22:39 | Unholy Strength |
| 22:39 | Unholy Armor |
| Right click | 726 |
| Select group | 445 |
| Select | 318 |
| Build/train/purchase | 134 |
| Chat | 89 |
| Use ability | 36 |
| Assign group | 15 |
| Misc. action | 6 |
| Minimap ping | 2 |
62 units @ 6.2k
/ 0.5k
146 buildings @ 8.5k
/ 4.3k



| Lesser Clarity Potion | 2 | 140 |
| Staff of Sanctuary | 3 | 750 |
| Boots of Speed | 3 | 750 |
| Staff of Teleportation | 3 | 450 |
| Healing Salve | 3 | 300 |
| Orb of Lightning | 2 | 750 |
| total: | 16 | 3140g |
| Peasant | 15 | 1125 | / | 0 |
| Dragonhawk Rider | 7 | 1400 | / | 210 |
| Priest | 1 | 135 | / | 10 |
| total: | 23 | 2660g | / | 220w |
| Scout Tower | 58 | 1740 | / | 1160 |
| Arcane Tower | 3 | 210 | / | 150 |
| Guard Tower | 48 | 3360 | / | 2400 |
| Altar of Kings | 1 | 180 | / | 50 |
| Farm | 7 | 560 | / | 140 |
| Lumber Mill | 1 | 120 | / | 0 |
| Arcane Vault | 2 | 260 | / | 60 |
| Blacksmith | 1 | 140 | / | 60 |
| Barracks | 1 | 160 | / | 60 |
| Arcane Sanctum | 1 | 150 | / | 140 |
| Gryphon Aviary | 1 | 140 | / | 150 |
| Keep | 1 | 320 | / | 210 |
| Castle | 1 | 360 | / | 210 |
| total: | 73 | 3450g | / | 1820w |
| 0:02 | Peasant |
| 0:06 | Altar of Kings |
| 0:15 | Peasant |
| 0:18 | Farm |
| 0:20 | Farm |
| 0:22 | Peasant |
| 0:34 | Peasant |
| 0:36 | Peasant |
| 0:46 | Peasant |
| 0:54 | Peasant |
| 1:06 | Lumber Mill |
| 1:43 | Scout Tower |
| 1:54 | Scout Tower |
| 1:55 | Scout Tower |
| 1:57 | Peasant |
| 1:57 | Peasant |
| 1:57 | Peasant |
| 2:03 | Scout Tower |
| 2:08 | Blizzard |
| 2:09 | Arcane Tower |
| 2:21 | Peasant |
| 2:21 | Peasant |
| 2:22 | Peasant |
| 2:24 | Peasant |
| 2:30 | Guard Tower |
| 2:31 | Scout Tower |
| 2:32 | Scout Tower |
| 2:35 | Scout Tower |
| 2:43 | Peasant |
| 2:58 | Guard Tower |
| 2:58 | Guard Tower |
| 3:14 | Guard Tower |
| 3:16 | Scout Tower |
| 3:18 | Scout Tower |
| 3:20 | Scout Tower |
| 3:48 | Guard Tower |
| 3:48 | Guard Tower |
| 3:50 | Keep |
| 3:52 | Farm |
| 3:52 | Farm |
| 3:59 | Guard Tower |
| 4:04 | Scout Tower |
| 4:05 | Scout Tower |
| 4:16 | Scout Tower |
| 4:19 | Healing Salve |
| 4:36 | Guard Tower |
| 4:37 | Guard Tower |
| 4:43 | Boots of Speed |
| 4:43 | Staff of Teleportation |
| 4:48 | Guard Tower |
| 4:50 | Scout Tower |
| 4:52 | Scout Tower |
| 4:55 | Scout Tower |
| 5:05 | Scout Tower |
| 5:06 | Scout Tower |
| 5:30 | Guard Tower |
| 5:31 | Guard Tower |
| 5:32 | Guard Tower |
| 5:34 | Scout Tower |
| 5:48 | Scout Tower |
| 5:48 | Scout Tower |
| 5:49 | Scout Tower |
| 5:51 | Improved Masonry |
| 6:00 | Guard Tower |
| 6:02 | Scout Tower |
| 6:03 | Scout Tower |
| 6:04 | Arcane Tower |
| 6:22 | Brilliance Aura |
| 6:49 | Guard Tower |
| 6:55 | Scout Tower |
| 6:58 | Scout Tower |
| 7:25 | Guard Tower |
| 7:27 | Scout Tower |
| 7:27 | Scout Tower |
| 7:28 | Scout Tower |
| 7:28 | Scout Tower |
| 7:29 | Scout Tower |
| 7:29 | Scout Tower |
| 7:47 | Arcane Tower |
| 7:55 | Arcane Sanctum |
| 8:06 | Advanced Masonry |
| 8:09 | Storm Bolt |
| 8:13 | Guard Tower |
| 8:25 | Guard Tower |
| 8:27 | Guard Tower |
| 8:52 | Guard Tower |
| 8:53 | Guard Tower |
| 8:54 | Guard Tower |
| 8:54 | Guard Tower |
| 9:02 | Guard Tower |
| 9:14 | Scout Tower |
| 9:14 | Scout Tower |
| 9:15 | Scout Tower |
| 9:16 | Scout Tower |
| 9:31 | Staff of Teleportation |
| 9:49 | Boots of Speed |
| 9:59 | Healing Salve |
| 10:19 | Arcane Vault |
| 10:47 | Lesser Clarity Potion |
| 10:47 | Lesser Clarity Potion |
| 10:49 | Healing Salve |
| 10:56 | Magic Sentry |
| 11:30 | Castle |
| 11:32 | Guard Tower |
| 11:48 | Guard Tower |
| 11:53 | Guard Tower |
| 11:53 | Guard Tower |
| 11:56 | Scout Tower |
| 11:57 | Scout Tower |
| 11:57 | Scout Tower |
| 11:58 | Scout Tower |
| 11:59 | Scout Tower |
| 11:59 | Scout Tower |
| 12:00 | Scout Tower |
| 12:22 | Blizzard |
| 12:23 | Bash |
| 12:28 | Guard Tower |
| 13:08 | Guard Tower |
| 13:12 | Arcane Vault |
| 13:20 | Guard Tower |
| 13:28 | Orb of Lightning |
| 13:40 | Guard Tower |
| 13:41 | Guard Tower |
| 13:56 | Staff of Sanctuary |
| 14:20 | Staff of Sanctuary |
| 14:31 | Scout Tower |
| 14:31 | Scout Tower |
| 15:03 | Imbued Masonry |
| 15:05 | Guard Tower |
| 15:06 | Scout Tower |
| 15:08 | Scout Tower |
| 15:25 | Gryphon Aviary |
| 15:57 | Holy Light |
| 16:01 | Guard Tower |
| 16:01 | Guard Tower |
| 16:34 | Scout Tower |
| 16:34 | Scout Tower |
| 16:43 | Blacksmith |
| 16:45 | Farm |
| 16:46 | Farm |
| 16:46 | Farm |
| 17:07 | Scout Tower |
| 17:18 | Guard Tower |
| 17:20 | Scout Tower |
| 17:21 | Scout Tower |
| 17:42 | Guard Tower |
| 17:46 | Scout Tower |
| 18:00 | Dragonhawk Rider |
| 18:00 | Dragonhawk Rider |
| 18:01 | Dragonhawk Rider |
| 18:07 | Guard Tower |
| 18:13 | Guard Tower |
| 18:20 | Scout Tower |
| 18:21 | Scout Tower |
| 18:21 | Scout Tower |
| 18:22 | Scout Tower |
| 18:33 | Barracks |
| 18:36 | Studded Leather Armor |
| 18:43 | Guard Tower |
| 18:54 | Scout Tower |
| 19:26 | Guard Tower |
| 20:17 | Guard Tower |
| 20:21 | Dragonhawk Rider |
| 20:37 | Animal War Training |
| 20:38 | Reinforced Leather Armor |
| 21:41 | Cloud |
| 21:43 | Dragonhawk Rider |
| 21:43 | Dragonhawk Rider |
| 21:43 | Dragonhawk Rider |
| 21:45 | Orb of Lightning |
| 22:28 | Priest |
| 22:52 | Staff of Teleportation |
| 22:53 | Boots of Speed |
| 23:07 | Storm Bolt |
| 23:14 | Staff of Sanctuary |
| 24:57 | Divine Shield |
| 25:43 | Brilliance Aura |
| Right click | 2958 |
| Select | 889 |
| Select group | 388 |
| Build/train/purchase | 210 |
| Use ability | 104 |
| Chat | 96 |
| Assign group | 15 |
| Misc. action | 10 |
| Minimap ping | 9 |
| Item give/drop | 4 |
| Remove unit | 2 |
TIMG4STRok
(26:52) : 

| Healing Salve | 4 | 400 |
| Lesser Clarity Potion | 4 | 280 |
| Orb of Lightning | 2 | 750 |
| Potion of Mana | 1 | 200 |
| Potion of Healing | 1 | 150 |
| Boots of Speed | 2 | 500 |
| Staff of Teleportation | 2 | 300 |
| Circlet of Nobility | 1 | 175 |
| Staff of Sanctuary | 2 | 500 |
| total: | 19 | 3255g |
| Peon | 15 | 1125 | / | 0 |
| Troll Batrider | 6 | 960 | / | 240 |
| total: | 21 | 2085g | / | 240w |
| Watch Tower | 5 | 550 | / | 400 |
| Altar of Storms | 1 | 180 | / | 50 |
| Orc Burrow | 4 | 640 | / | 160 |
| Voodoo Lounge | 2 | 260 | / | 60 |
| War Mill | 1 | 205 | / | 0 |
| Great Hall | 1 | 385 | / | 185 |
| Beastiary | 2 | 290 | / | 280 |
| Stronghold | 1 | 315 | / | 190 |
| Fortress | 1 | 325 | / | 190 |
| total: | 16 | 2510g | / | 1135w |
| 0:04 | Peon |
| 0:04 | Peon |
| 0:06 | Altar of Storms |
| 0:08 | Orc Burrow |
| 0:16 | Peon |
| 0:43 | Peon |
| 0:44 | Peon |
| 0:54 | Peon |
| 1:27 | Voodoo Lounge |
| 1:35 | Peon |
| 1:35 | Peon |
| 1:36 | Orc Burrow |
| 1:46 | Peon |
| 2:01 | Peon |
| 2:01 | Peon |
| 2:13 | Wind Walk |
| 2:50 | Peon |
| 2:50 | Peon |
| 2:54 | Voodoo Lounge |
| 3:21 | Stronghold |
| 4:39 | War Mill |
| 4:58 | Boots of Speed |
| 4:58 | Staff of Teleportation |
| 4:59 | Circlet of Nobility |
| 5:19 | Healing Salve |
| 5:20 | Lesser Clarity Potion |
| 6:06 | Fortress |
| 6:09 | Beastiary |
| 6:28 | Critical Strike |
| 6:40 | Beastiary |
| 7:50 | Troll Batrider |
| 7:52 | Orc Burrow |
| 7:52 | Orc Burrow |
| 7:56 | Hex |
| 8:26 | Great Hall |
| 8:48 | Troll Batrider |
| 9:25 | Orb of Lightning |
| 9:26 | Healing Salve |
| 10:25 | Lesser Clarity Potion |
| 10:29 | Troll Batrider |
| 10:48 | Boots of Speed |
| 11:36 | Troll Batrider |
| 11:47 | Watch Tower |
| 11:48 | Watch Tower |
| 12:11 | Troll Batrider |
| 12:30 | Wind Walk |
| 13:09 | Troll Batrider |
| 13:10 | Liquid Fire |
| 13:17 | Staff of Teleportation |
| 13:51 | Watch Tower |
| 13:57 | Peon |
| 13:57 | Peon |
| 14:37 | Healing Salve |
| 15:16 | Watch Tower |
| 15:17 | Watch Tower |
| 15:32 | Spiked Barricades |
| 15:33 | Steel Ranged Weapons |
| 15:51 | Healing Wave |
| 15:58 | Staff of Sanctuary |
| 16:07 | Orb of Lightning |
| 17:07 | Lesser Clarity Potion |
| 17:20 | Staff of Sanctuary |
| 20:03 | Critical Strike |
| 23:23 | Healing Wave |
| 26:13 | Lesser Clarity Potion |
| 26:14 | Healing Salve |
| 26:17 | Potion of Mana |
| 26:19 | Potion of Healing |
| Right click | 2084 |
| Select group | 712 |
| Select | 136 |
| Resource trade | 130 |
| Build/train/purchase | 123 |
| Minimap ping | 63 |
| Use ability | 46 |
| Misc. action | 37 |
| Chat | 32 |
| Assign group | 15 |
| Item give/drop | 9 |



| Staff of Sanctuary | 3 | 750 |
| Healing Salve | 2 | 200 |
| Orb of Lightning | 2 | 750 |
| total: | 7 | 1700g |
| Peasant | 16 | 1200 | / | 0 |
| Priest | 2 | 270 | / | 20 |
| total: | 18 | 1470g | / | 20w |
| Scout Tower | 47 | 1410 | / | 940 |
| Arcane Tower | 1 | 70 | / | 50 |
| Guard Tower | 42 | 2940 | / | 2100 |
| Altar of Kings | 1 | 180 | / | 50 |
| Farm | 5 | 400 | / | 100 |
| Lumber Mill | 2 | 240 | / | 0 |
| Arcane Sanctum | 2 | 300 | / | 280 |
| Keep | 1 | 320 | / | 210 |
| Castle | 1 | 360 | / | 210 |
| total: | 57 | 2530g | / | 1370w |
| 0:01 | Peasant |
| 0:05 | Altar of Kings |
| 0:15 | Peasant |
| 0:17 | Farm |
| 0:18 | Peasant |
| 0:26 | Peasant |
| 0:39 | Lumber Mill |
| 0:59 | Peasant |
| 1:10 | Peasant |
| 1:13 | Farm |
| 1:16 | Peasant |
| 1:38 | Scout Tower |
| 1:42 | Scout Tower |
| 1:43 | Peasant |
| 1:48 | Improved Masonry |
| 2:03 | Peasant |
| 2:07 | Blizzard |
| 2:11 | Arcane Tower |
| 2:15 | Scout Tower |
| 2:20 | Scout Tower |
| 2:27 | Scout Tower |
| 2:29 | Scout Tower |
| 2:30 | Scout Tower |
| 2:31 | Guard Tower |
| 2:41 | Scout Tower |
| 2:42 | Scout Tower |
| 2:46 | Peasant |
| 2:51 | Guard Tower |
| 3:17 | Peasant |
| 3:35 | Peasant |
| 3:38 | Guard Tower |
| 3:44 | Guard Tower |
| 3:55 | Guard Tower |
| 3:56 | Scout Tower |
| 3:57 | Scout Tower |
| 4:28 | Guard Tower |
| 4:35 | Scout Tower |
| 4:35 | Scout Tower |
| 5:02 | Guard Tower |
| 5:05 | Scout Tower |
| 5:05 | Scout Tower |
| 5:06 | Scout Tower |
| 5:06 | Scout Tower |
| 5:06 | Guard Tower |
| 5:09 | Peasant |
| 5:14 | Scout Tower |
| 5:14 | Scout Tower |
| 5:15 | Scout Tower |
| 5:16 | Scout Tower |
| 5:21 | Scout Tower |
| 5:21 | Scout Tower |
| 5:23 | Scout Tower |
| 5:25 | Peasant |
| 5:35 | Guard Tower |
| 5:36 | Guard Tower |
| 5:57 | Scout Tower |
| 6:00 | Guard Tower |
| 6:00 | Guard Tower |
| 6:35 | Keep |
| 6:37 | Farm |
| 6:40 | Guard Tower |
| 6:47 | Guard Tower |
| 7:01 | Guard Tower |
| 7:02 | Guard Tower |
| 7:13 | Scout Tower |
| 7:14 | Scout Tower |
| 7:15 | Scout Tower |
| 7:16 | Scout Tower |
| 7:29 | Healing Salve |
| 7:34 | Guard Tower |
| 7:38 | Guard Tower |
| 7:38 | Guard Tower |
| 8:18 | Guard Tower |
| 8:26 | Guard Tower |
| 8:30 | Scout Tower |
| 8:32 | Scout Tower |
| 8:33 | Scout Tower |
| 8:35 | Scout Tower |
| 8:39 | Scout Tower |
| 8:41 | Scout Tower |
| 8:43 | Scout Tower |
| 8:44 | Scout Tower |
| 8:51 | Guard Tower |
| 8:56 | Advanced Masonry |
| 8:57 | Improved Lumber Harvesting |
| 9:33 | Guard Tower |
| 9:34 | Guard Tower |
| 9:56 | Brilliance Aura |
| 9:57 | Brilliance Aura |
| 9:57 | Brilliance Aura |
| 9:58 | Brilliance Aura |
| 10:11 | Guard Tower |
| 10:15 | Peasant |
| 10:15 | Peasant |
| 10:26 | Farm |
| 10:30 | Guard Tower |
| 10:52 | Guard Tower |
| 10:55 | Scout Tower |
| 11:08 | Farm |
| 11:12 | Castle |
| 11:23 | Guard Tower |
| 11:26 | Scout Tower |
| 11:28 | Scout Tower |
| 11:29 | Scout Tower |
| 11:30 | Scout Tower |
| 11:30 | Scout Tower |
| 11:34 | Scout Tower |
| 11:36 | Scout Tower |
| 11:39 | Scout Tower |
| 11:39 | Scout Tower |
| 11:57 | Breath of Fire |
| 12:01 | Guard Tower |
| 12:14 | Lumber Mill |
| 12:18 | Guard Tower |
| 12:26 | Guard Tower |
| 12:36 | Guard Tower |
| 12:59 | Guard Tower |
| 13:11 | Guard Tower |
| 13:43 | Healing Salve |
| 14:02 | Imbued Masonry |
| 14:03 | Advanced Lumber Harvesting |
| 14:30 | Orb of Lightning |
| 16:09 | Holy Light |
| 16:32 | Arcane Sanctum |
| 16:34 | Arcane Sanctum |
| 18:15 | Staff of Sanctuary |
| 18:27 | Orb of Lightning |
| 19:12 | Drunken Haze |
| 19:57 | Blizzard |
| 21:03 | Staff of Sanctuary |
| 21:07 | Staff of Sanctuary |
| 23:00 | Divine Shield |
| 25:00 | Priest Adept Training |
| 25:01 | Priest |
| 26:23 | Priest |
| 26:51 | Breath of Fire |
| Right click | 2199 |
| Select | 727 |
| Select group | 283 |
| Build/train/purchase | 128 |
| Use ability | 80 |
| Assign group | 56 |
| Chat | 31 |
| Misc. action | 18 |
| Minimap ping | 9 |
| Resource trade | 6 |
| Remove unit | 3 |
⇛